[Event "Titled Tuesday Blitz March 28 Late 2023"]
[White "EREBUNI91"]
[Black "Risteski, Emil"]
[BlackFideId "15005267"]
[WhiteElo "2707"]
[BlackElo "2251"]
[Result "0-1"]
[Round "04"]
[TimeControl "180+2"]
[Date "2023.03.28"]
[WhiteClock "0:00:07"]
[BlackClock "0:00:09"]

1. e4 d6 2. d4 Nf6 3. Nc3 e5 4. Nf3 Nbd7 5. Bc4 Be7 6. O-O h6 7. Re1 c6 8. a4 Qc7 9. h3 g5 10. Qe2 Nf8 11. d5 Ng6 12. Nh2 Nf4 13. Qf3 h5 14. dxc6 bxc6 15. h4 Bg4 16. Qe3 gxh4 17. b4 Rg8 18. Kh1 h3 19. g3 Ng2 20. Qd2 Nxe1 21. Qxe1 Be6 22. Bd3 Ng4 23. b5 c5 24. a5 c4 25. Bf1 h4 26. Nxg4 Bxg4 27. Be3 hxg3 28. fxg3 Be6 29. Kh2 Bg5 30. Bf2 Rb8 31. b6 axb6 32. axb6 Rxb6 33. Qe2 Rb8 34. Qh5 Ke7 35. Ra7 Qxa7 36. Bxa7 Rb2 37. Qd1 Ra8 38. Bf2 Ra3 39. Nb5 Raa2 40. Qh5 Bf6 41. Nc3 Ra3 42. Nb5 Rxb5 43. Bxh3 Bxh3 44. Kxh3 Rb2 45. Qe2 Raa2 46. Be3 Rxc2 47. Qd1 c3 48. Qd5 Rh2+ 49. Kg4 Rab2 50. Qc6 c2 51. Qc7+ Kf8 52. Kf5 Kg7 53. Ba7 Rb3 54. Qxc2 Rf3+ 55. Kg4 Rxc2 56. Kxf3 Rc6 57. Be3 Bd8 58. Kg4 Bb6 59. Kf5 Bxe3 60. g4 Bd4 61. g5 Rc5 62. g6 fxg6+ 63. Ke6 d5 64. exd5 e4 65. d6 Rc6 66. Kd5 Rxd6+ 67. Kc4 e3 68. Kd3 Re6 0-1


[Site "https://www.chess.com"]

[Event "Titled Tuesday Blitz March 28 Late 2023"]
[White "Krishnan, Varun"]
[Black "Bitoon, Richard"]
[WhiteFideId "5054508"]
[BlackFideId "5201110"]
[WhiteElo "2525"]
[BlackElo "2374"]
[Result "1/2-1/2"]
[Round "04"]
[TimeControl "180+2"]
[Date "2023.03.28"]
[WhiteClock "0:00:05"]
[BlackClock "0:00:02"]

1. d4 Nf6 2. Nf3 g6 3. Bf4 Bg7 4. e3 d6 5. Bd3 O-O 6. O-O Nbd7 7. h3 Qe8 8. Bh2 e5 9. dxe5 dxe5 10. e4 Nh5 11. Nc3 c6 12. Ne2 Nc5 13. Qd2 Qe7 14. Qc3 Re8 15. Rad1 a5 16. b3 b5 17. Qd2 a4 18. Qe3 Nxd3 19. Qxd3 Bf6 20. Qd6 Ng7 21. Qxe7 Rxe7 22. Rd6 Ne8 23. Rxc6 Bb7 24. Rc5 Bxe4 25. Nxe5 Bxc2 26. Nd4 Be4 27. Nxb5 axb3 28. axb3 Ra5 29. Nc4 Ra2 30. Ncd6 Bd3 31. Rd1 Bc2 32. Nxe8 Rxe8 33. Rf1 Bxb3 34. Nc7 Ree2 35. Bg3 Bd4 36. Rb5 Bc4 37. Rb8+ Kg7 38. Rc1 Ra4 39. Ne8+ Kh6 40. Nd6 Bd5 41. Rb5 Be6 42. Bf4+ Kg7 43. Bg3 Ra3 44. Rb4 Bb2 45. Rxb2 Rxb2 46. Be5+ f6 47. Bxb2 Ra8 48. Nc4 Rb8 49. Ba3 Ra8 50. Bb4 Rc8 51. Bd2 Bxc4 52. g3 Kf7 53. h4 Rc6 54. Rc3 Ke6 55. Be3 Kd5 56. Kh2 Ra6 57. Rc1 Bd3 58. Rd1 Kc4 59. Rc1+ Kb3 60. Rd1 Be4 61. Rd4 f5 62. Rd1 Kc2 63. Rc1+ Kd3 64. Re1 Ra8 65. Kg1 Kc4 66. Kh2 Kd5 67. Kg1 Ke6 68. Kh2 Kf7 69. Kg1 Rd8 70. Rc1 Rd7 71. Kh2 Kg7 72. Re1 h6 73. Rc1 Rf7 74. Ra1 Rd7 75. Rc1 Bb7 76. Kg1 Rf7 77. Ra1 Kh7 78. Kh2 Rd7 79. Kg1 Bc6 80. Kh2 Bf3 81. Kg1 Rb7 82. Kh2 Rb2 83. Kg1 Be4 84. Kh2 Kg8 85. Kg1 g5 86. hxg5 hxg5 87. Bxg5 Kf7 88. Be3 Kg6 89. Bf4 Rb7 90. Rf1 Rh7 91. f3 Bd3 92. Rf2 Ra7 93. Kg2 Ra1 94. g4 fxg4 95. fxg4 Be4+ 96. Kg3 Rg1+ 97. Kh2 Rh1+ 98. Kg3 Rg1+ 99. Kh2 Rxg4 100. Bg3 Rg5 101. Rf4 Rh5+ 102. Rh4 Bf3 103. Rxh5 Kxh5 1/2-1/2


[Site "https://www.chess.com"]

[Event "Titled Tuesday Blitz March 28 Late 2023"]
[White "Petukhov, Dmitry"]
[Black "Korchmar, Vasiliy"]
[WhiteFideId "4142748"]
[BlackFideId "24131750"]
[WhiteElo "2311"]
[BlackElo "2370"]
[Result "0-1"]
[Round "04"]
[TimeControl "180+2"]
[Date "2023.03.28"]
[WhiteClock "0:01:09"]
[BlackClock "0:00:48"]

1. e4 c5 2. c3 Nf6 3. e5 Nd5 4. d4 cxd4 5. Nf3 e6 6. cxd4 d6 7. Nc3 Nxc3 8. bxc3 Qc7 9. Bd2 Nd7 10. exd6 Bxd6 11. Bd3 b6 12. Qe2 Bb7 13. h3 O-O 14. O-O-O e5 15. Kb1 e4 16. Bxe4 Rae8 17. Ne5 Nxe5 18. Bxb7 Nc6 19. Qa6 Nb8 20. Qxa7 Re7 21. Rhe1 Qxb7 22. Rxe7 Qxe7 23. Qxe7 Bxe7 24. Kc2 Nd7 25. c4 Ra8 26. Kb3 Ra3+ 27. Kb2 Rd3 28. d5 Bb4 29. Kc2 Rxd2+ 30. Rxd2 Bxd2 31. Kxd2 Kf8 32. Kc3 Ke7 33. Kb4 Kd6 34. Kb5 g5 35. a4 h5 36. g4 hxg4 37. hxg4 Ne5 38. c5+ bxc5 39. a5 Kxd5 40. a6 Nc6 0-1


[Site "https://www.chess.com"]

[Event "Titled Tuesday Blitz March 28 Late 2023"]
[White "Karthik Rajaa"]
[Black "Graif, William"]
[WhiteFideId "25035215"]
[BlackFideId "2609835"]
[WhiteElo "2215"]
[BlackElo "2205"]
[Result "1-0"]
[Round "04"]
[TimeControl "180+2"]
[Date "2023.03.28"]
[WhiteClock "0:00:32"]
[BlackClock "0:00:09"]

1. e4 e5 2. Nf3 Bc5 3. c3 d5 4. d4 exd4 5. cxd4 dxe4 6. dxc5 Qxd1+ 7. Kxd1 exf3 8. Nc3 fxg2 9. Bxg2 c6 10. Bf4 Nf6 11. Re1+ Be6 12. Nb5 O-O 13. Nc7 Na6 14. Nxa8 Rxa8 15. Bd6 Nd7 16. Rc1 Nb4 17. Rc3 Nxa2 18. Ra3 Nb4 19. Re4 Na6 20. b4 Bd5 21. Re7 Bxg2 22. Rxd7 Nxb4 23. Rxb7 Nd5 24. Raxa7 Re8 25. Rxf7 1-0


[Site "https://www.chess.com"]

[Event "Titled Tuesday Blitz March 28 Late 2023"]
[White "Javakhadze, Zurab"]
[Black "Romkachess"]
[WhiteFideId "13603647"]
[WhiteElo "2381"]
[BlackElo "2518"]
[Result "1-0"]
[Round "04"]
[TimeControl "180+2"]
[Date "2023.03.28"]
[WhiteClock "0:00:13"]
[BlackClock "0:00:09"]

1. d4 Nf6 2. c4 e6 3. Nf3 b6 4. a3 Bb7 5. Nc3 d5 6. cxd5 Nxd5 7. Qc2 Be7 8. e4 Nxc3 9. bxc3 O-O 10. Bd3 Nd7 11. O-O c5 12. Bf4 Rc8 13. Qe2 cxd4 14. cxd4 Nf6 15. Rfe1 Rc3 16. Bd2 Rxa3 17. Rxa3 Bxa3 18. Ra1 Qe7 19. Bg5 h6 20. Bh4 Qb4 21. Bxf6 gxf6 22. Qa2 Bb2 23. Rb1 Rc8 24. Qxb2 Qxb2 25. Rxb2 Rc1+ 26. Bf1 Ba6 27. Nd2 Bxf1 28. Nxf1 Rc4 29. f3 Rxd4 30. Kf2 Kg7 31. Ke3 Ra4 32. Nd2 Ra3+ 33. Kd4 Ra4+ 34. Kc3 Ra3+ 35. Kb4 Re3 36. Nc4 Re1 37. Kb5 h5 38. Ka6 Ra1+ 39. Kb7 h4 40. h3 Kg6 41. Nd6 Ra5 42. Rc2 Rc5 43. Rxc5 bxc5 44. f4 e5 45. Kc6 exf4 46. Kxc5 a5 47. Kb5 f3 48. gxf3 Kg5 49. Nf5 Kf4 50. Nxh4 Kg3 51. Ng2 Kxg2 52. h4 Kxf3 53. h5 Kxe4 54. h6 f5 55. h7 f4 56. h8=Q f3 57. Qh1 Ke3 58. Qf1 f5 59. Kxa5 f4 60. Kb4 f2 61. Kb3 Kf3 62. Kc2 Kg3 63. Kd2 f3 64. Ke3 1-0


[Site "https://www.chess.com"]

[Event "Titled Tuesday Blitz March 28 Late 2023"]
[White "Hirneise, Jens"]
[Black "Lewtak, Damian"]
[WhiteFideId "24614734"]
[BlackFideId "1141724"]
[WhiteElo "2345"]
[BlackElo "2302"]
[Result "0-1"]
[Round "04"]
[TimeControl "180+2"]
[Date "2023.03.28"]
[WhiteClock "0:02:05"]
[BlackClock "0:01:59"]

1. d4 d6 2. Nc3 g6 3. g3 Bg7 4. Bg2 Nf6 5. Bg5 h6 6. Bxf6 Bxf6 7. e4 Bg7 8. Nge2 O-O 9. Qd2 Nc6 10. h4 e5 11. dxe5 Nxe5 12. b3 Bg4 13. f4 Nf3+ 14. Bxf3 Bxf3 15. O-O Bxe2 16. Nxe2 Bxa1 17. Rxa1 Re8 18. Nc3 c6 19. f5 Qf6 20. Rf1 g5 21. hxg5 Qxg5 22. Rf4 Qxg3+ 23. Qg2 Qxg2+ 24. Kxg2 Kh7 25. Kf3 Rg8 26. Ne2 Rg5 27. Rh4 d5 28. exd5 Rxf5+ 29. Ke4 Rxd5 0-1


[Site "https://www.chess.com"]

[Event "Titled Tuesday Blitz March 28 Late 2023"]
[White "Skvortsov, Andrei"]
[Black "Sztokbant, Bernardo Vainzoff"]
[WhiteFideId "24108600"]
[BlackFideId "2115956"]
[WhiteElo "2259"]
[BlackElo "2222"]
[Result "1-0"]
[Round "04"]
[TimeControl "180+2"]
[Date "2023.03.28"]
[WhiteClock "0:01:01"]
[BlackClock "0:00:47"]

1. e4 c5 2. d4 cxd4 3. Qxd4 Nc6 4. Qd3 Nf6 5. Nc3 g6 6. Nf3 Bg7 7. Be2 O-O 8. O-O d6 9. Nd5 Be6 10. c3 Nd7 11. Rd1 Bg4 12. Bg5 Re8 13. a4 Rc8 14. Qd2 Nc5 15. Qf4 Bxf3 16. Qxf3 Qd7 17. Qe3 b6 18. Bb5 a6 19. Nxb6 Qe6 20. Bc4 Qxe4 21. Qxe4 Nxe4 22. Nxc8 Nxg5 23. Bxa6 Ne6 24. Nb6 Nc5 25. Bb5 Rb8 26. Nd5 Ne5 27. Nxe7+ Kf8 28. Nd5 Nb3 29. Ra3 Na5 30. h3 Nec4 31. Ra2 Bh6 32. b4 1-0


[Site "https://www.chess.com"]

[Event "Titled Tuesday Blitz March 28 Late 2023"]
[White "Darini, Pouria"]
[Black "Mekhane, Adam"]
[WhiteFideId "12502200"]
[BlackFideId "36050601"]
[WhiteElo "2482"]
[BlackElo "2177"]
[Result "0-1"]
[Round "04"]
[TimeControl "180+2"]
[Date "2023.03.28"]
[WhiteClock "0:00:01"]
[BlackClock "0:00:06"]

1. b3 e5 2. Bb2 Nc6 3. c4 Nf6 4. e3 d5 5. cxd5 Nxd5 6. a3 Be7 7. Nc3 O-O 8. Qc2 Be6 9. Nf3 Nxc3 10. Bxc3 f6 11. Bd3 f5 12. Nxe5 Nxe5 13. Bxe5 Bf6 14. Bxf6 Qxf6 15. O-O Rfd8 16. Bc4 c6 17. d4 Bd5 18. Rad1 Qe6 19. Rfe1 Qg6 20. f3 Kh8 21. e4 fxe4 22. fxe4 Be6 23. Bxe6 Qxe6 24. d5 cxd5 25. exd5 Qb6+ 26. Kh1 Rac8 27. Qd3 Qf2 28. Rf1 Qc2 29. d6 Qxd3 30. Rxd3 Rd7 31. Kg1 Kg8 32. Rfd1 Kf7 33. Kf2 Rc6 34. Rf3+ Ke6 35. Rh3 h6 36. Re3+ Kf7 37. Rf3+ Ke6 38. Re3+ Kf7 39. Red3 Ke6 40. b4 Rcxd6 41. Re3+ Kf7 42. Rc1 Rd2+ 43. Kf3 R2d3 44. Rc3 Rd2 45. h4 Ra2 46. Re4 Rad2 47. Rf4+ Kg6 48. Ke3 Rd1 49. Kf3 R1d3+ 50. Rxd3 Rxd3+ 51. Ke4 Rxa3 52. g4 h5 53. g5 Rb3 54. Kd5 a5 55. bxa5 Rb5+ 56. Kd6 Rxa5 57. Kc7 Rf5 58. Re4 Rf3 59. Kxb7 Kf5 60. Re7 g6 61. Rf7+ Kg4 62. Rf6 Rb3+ 63. Kc7 Kxh4 64. Rxg6 Rg3 65. Kd6 Rxg5 66. Rf6 Ra5 67. Rf4+ Kg3 68. Rf8 h4 69. Rg8+ Kh2 70. Ke6 h3 71. Kf6 Kh1 72. Rg3 h2 73. Ke6 Ra1 74. Ke5 Rg1 75. Rh3 Kg2 76. Rxh2+ Kxh2 0-1


[Site "https://www.chess.com"]

[Event "Titled Tuesday Blitz March 28 Late 2023"]
[White "Olsson, William"]
[Black "Florescu, Codrut-Constantin"]
[WhiteFideId "1741721"]
[BlackFideId "1202200"]
[WhiteElo "2197"]
[BlackElo "2191"]
[Result "0-1"]
[Round "04"]
[TimeControl "180+2"]
[Date "2023.03.28"]
[WhiteClock "0:00:09"]
[BlackClock "0:00:48"]

1. c4 e6 2. Nf3 d5 3. g3 Nf6 4. Bg2 Be7 5. O-O O-O 6. b3 a5 7. Bb2 c6 8. d4 a4 9. Nbd2 b5 10. bxa4 bxc4 11. Bc3 c5 12. Ne5 Ra7 13. e4 Bd7 14. exd5 exd5 15. Nxd7 Qxd7 16. dxc5 Na6 17. a5 Nxc5 18. Nf3 Nd3 19. Ne1 Ne4 20. Qc2 Nxe1 21. Raxe1 Nxc3 22. Qxc3 Bf6 23. Qb4 c3 24. Rd1 d4 25. Rd3 g6 26. Rfd1 Qc7 27. Rxd4 Bxd4 28. Qxd4 Rxa5 29. Rc1 Rc5 30. Rc2 Rd8 31. Qg4 Rd2 32. Be4 Rxc2 33. Bxc2 Qd6 34. Qb4 Rc6 35. Qb3 Qd2 36. a4 Rf6 37. Qb8+ Kg7 38. Qe5 Qxc2 0-1


[Site "https://www.chess.com"]

[Event "Titled Tuesday Blitz March 28 Late 2023"]
[White "Kazmaier, Daniel"]
[Black "Vlassov, Nikolai"]
[WhiteFideId "2606089"]
[BlackFideId "4103360"]
[WhiteElo "2432"]
[BlackElo "2324"]
[Result "0-1"]
[Round "04"]
[TimeControl "180+2"]
[Date "2023.03.28"]
[WhiteClock "0:00:04"]
[BlackClock "0:00:15"]

1. d4 Nf6 2. Bg5 e6 3. Bxf6 Qxf6 4. c4 c5 5. Nf3 cxd4 6. Qxd4 Bb4+ 7. Nbd2 b6 8. Qxf6 gxf6 9. a3 Be7 10. g3 Bb7 11. Bg2 O-O 12. O-O Rc8 13. Rfd1 Kf8 14. Rac1 Ke8 15. Nb3 f5 16. Ne5 Bxg2 17. Kxg2 Bf6 18. f4 Bxe5 19. fxe5 Nc6 20. c5 Nxe5 21. cxb6 axb6 22. Nd4 Ke7 23. Rxc8 Rxc8 24. b4 Rc3 25. Ra1 Nc4 26. Nb5 Rc2 27. Kf2 Rb2 28. Rc1 d5 29. Rc3 Ra2 30. h3 h5 31. Rd3 Kf6 32. h4 Ke5 33. Rf3 Nd2 34. Rd3 Ne4+ 35. Kf3 Ra1 36. Kg2 Re1 37. e3 Re2+ 38. Kg1 Nxg3 39. a4 Rb2 40. Rd4 Ne2+ 41. Kf1 Nxd4 42. exd4+ Kf4 43. Nd6 Rxb4 44. Nxf7 Rxd4 45. Nd8 Rxa4 46. Nxe6+ Kg3 47. Ng7 Kxh4 48. Nxf5+ Kg5 49. Ne7 d4 50. Nc6 d3 51. Kf2 Ra2+ 52. Ke3 d2 53. Nb4 d1=Q 54. Nxa2 Qb3+ 0-1


[Site "https://www.chess.com"]

[Event "Titled Tuesday Blitz March 28 Late 2023"]
[White "Silva, Pedro Gil Ferreira Da"]
[Black "Manukyan, Sargis A."]
[WhiteFideId "1946102"]
[BlackFideId "13303970"]
[WhiteElo "2255"]
[BlackElo "2187"]
[Result "1-0"]
[Round "04"]
[TimeControl "180+2"]
[Date "2023.03.28"]
[WhiteClock "0:00:21"]
[BlackClock "0:00:04"]

1. c4 Nf6 2. Nf3 e6 3. g3 d5 4. Bg2 Be7 5. O-O O-O 6. b3 c5 7. cxd5 Nxd5 8. Bb2 Nc6 9. Nc3 Bf6 10. Qc1 Nxc3 11. Bxc3 Bxc3 12. Qxc3 Nd4 13. Nxd4 cxd4 14. Qc5 b6 15. Qe5 f6 16. Qf4 e5 17. Qe4 Rb8 18. Qd5+ Qxd5 19. Bxd5+ Kh8 20. Rac1 Bh3 21. Bg2 Bg4 22. f3 Bf5 23. Rc7 a5 24. Rfc1 Rfc8 25. d3 Kg8 26. Kf2 Kf8 27. f4 exf4 28. gxf4 Be6 29. Be4 f5 30. Bf3 Ke8 31. R1c6 Rxc7 32. Rxc7 Bd7 33. e3 dxe3+ 34. Kxe3 Kd8 35. Ra7 Rc8 36. Rb7 Rc2 37. Rxb6 Rxa2 38. Kd4 Kc7 39. Rb7+ Kd6 40. Rb6+ Ke7 41. Rb7 Rc2 42. Ke5 Rc5+ 43. Bd5 Rc2 44. Bc4 Re2+ 45. Kd4 Kd6 46. Ra7 Rxh2 47. Ra6+ Ke7 48. Ra7 Rh6 49. Rxa5 Rd6+ 50. Ke5 h5 51. b4 h4 52. Ra2 Bc6 53. b5 Bb7 54. Kxf5 h3 55. Rh2 Bg2 56. Ke5 Kd7 57. d4 Kc7 58. f5 Rh6 59. d5 Rf6 60. Bd3 Rf8 61. d6+ Kd7 62. Kf4 Kxd6 63. Be4 Bf1 64. b6 g6 65. b7 gxf5 66. Bxf5 Bd3 67. b8=Q+ Rxb8 68. Bxd3 Rf8+ 69. Bf5 Rh8 70. Bxh3 Ke7 71. Re2+ Kf6 72. Bg4 Ra8 73. Bf3 Ra4+ 74. Be4 Rb4 75. Rh2 Ra4 76. Rh6+ Ke7 77. Ke5 Ra1 78. Rh7+ Ke8 79. Ke6 Ra6+ 80. Ke5 Ra1 81. Bd5 Kf8 82. Rf7+ Ke8 83. Rg7 Kf8 84. Rg5 Re1+ 85. Kd6 1-0


[Site "https://www.chess.com"]

[Event "Titled Tuesday Blitz March 28 Late 2023"]
[White "Tilicheev, Viacheslav"]
[Black "Xie, Bryan"]
[WhiteFideId "24114928"]
[BlackFideId "30941296"]
[WhiteElo "2415"]
[BlackElo "2033"]
[Result "1-0"]
[Round "04"]
[TimeControl "180+2"]
[Date "2023.03.28"]
[WhiteClock "0:00:14"]
[BlackClock "0:00:19"]

1. e4 c5 2. Nf3 e6 3. d4 cxd4 4. Nxd4 Nc6 5. Nc3 Qc7 6. Be3 a6 7. Qd2 Nf6 8. f3 Be7 9. O-O-O b5 10. g4 Nxd4 11. Bxd4 Bb7 12. g5 Nh5 13. h4 d5 14. exd5 b4 15. Na4 Bxd5 16. Nb6 Rd8 17. Nxd5 Rxd5 18. Qe3 Ng3 19. Rg1 Nf5 20. Qe4 Nxd4 21. Rxd4 Rxd4 22. Qxd4 Bc5 23. Qxg7 Qf4+ 24. Kb1 Bd4 25. Rg4 Qxg4 26. Qxh8+ Bxh8 27. fxg4 Be5 28. Bxa6 Bg3 29. h5 Bf4 30. Bd3 Bxg5 31. Bxh7 Kd7 32. Bd3 Kc6 33. a4 bxa3 34. bxa3 Kc5 35. Ka2 e5 36. Kb3 Kd4 37. a4 e4 38. Bf1 Kc5 39. a5 e3 40. a6 Kb6 41. Kc3 Bh6 42. Kd4 Bg5 43. Be2 Bh6 44. Ke4 Kc6 45. Kf5 Bg7 46. g5 Bd4 47. h6 Kd6 48. h7 Kc6 49. g6 fxg6+ 50. Kxg6 Kb6 51. Kf7 Bh8 52. Kg8 Bd4 53. h8=Q Bxh8 54. Kxh8 Kc5 55. Kg7 Kb6 56. Kf6 Ka7 57. Ke5 Kb6 58. Kd4 1-0


[Site "https://www.chess.com"]

[Event "Titled Tuesday Blitz March 28 Late 2023"]
[White "Bochnicka, Vladimir"]
[Black "Jaracz, Pawel"]
[WhiteFideId "14943450"]
[BlackFideId "1102222"]
[WhiteElo "2094"]
[BlackElo "2438"]
[Result "1-0"]
[Round "04"]
[TimeControl "180+2"]
[Date "2023.03.28"]
[WhiteClock "0:00:10"]
[BlackClock "0:00:12"]

1. e4 e5 2. Nf3 Nc6 3. Bc4 Bc5 4. c3 Nf6 5. d3 d6 6. Nbd2 a6 7. Bb3 h6 8. Nf1 Be6 9. Ng3 Qd7 10. O-O Ba7 11. Bc2 O-O-O 12. Qe2 Rhe8 13. b4 d5 14. a4 a5 15. b5 Ne7 16. Nxe5 Qd6 17. d4 dxe4 18. Ba3 Qd5 19. Nxe4 Nf5 20. Nxf6 gxf6 21. Be4 Qb3 22. Nxf7 Nxd4 23. cxd4 Bxf7 24. Qg4+ Kb8 25. Bc5 Bb6 26. Rfe1 Ka7 27. Bxb6+ cxb6 28. Qg7 Re7 29. Qxf6 Rde8 30. f3 Bd5 31. Qxh6 Qc3 32. Rac1 Qxd4+ 33. Kh1 Bxe4 34. fxe4 Rxe4 35. Rxe4 Rxe4 36. h3 Qxa4 37. Rc8 Re1+ 38. Kh2 Qd1 39. Qf8 Rh1+ 40. Kg3 Qe1+ 41. Qf2 Qe5+ 42. Qf4 Qxf4+ 43. Kxf4 a4 44. Rc4 Ra1 45. h4 a3 46. h5 a2 47. Ra4+ Kb8 48. h6 Rf1+ 49. Kg5 a1=Q 50. Rxa1 Rxa1 51. h7 Rh1 52. Kg6 Kc7 53. Kg7 Kd6 54. h8=Q Rxh8 55. Kxh8 Kc5 56. g4 Kxb5 57. g5 Kc4 58. g6 b5 59. g7 b4 60. g8=Q+ Kc3 61. Qg1 b3 62. Qb1 b2 63. Kg7 b5 64. Kf6 b4 65. Ke5 Kc4 66. Qxb2 b3 67. Ke4 Kb4 68. Kd4 1-0


[Site "https://www.chess.com"]

[Event "Titled Tuesday Blitz March 28 Late 2023"]
[White "koteRV1610"]
[Black "Popov, Mikhail"]
[BlackFideId "4146182"]
[WhiteElo "2364"]
[BlackElo "2270"]
[Result "1-0"]
[Round "04"]
[TimeControl "180+2"]
[Date "2023.03.28"]
[WhiteClock "0:00:04"]
[BlackClock "0:00:02"]

1. e4 e6 2. d4 d5 3. Nc3 Nf6 4. e5 Nfd7 5. f4 c5 6. Nf3 Nc6 7. Be3 a6 8. Qd2 b5 9. dxc5 Bxc5 10. Bd3 Qb6 11. Bf2 O-O 12. O-O f6 13. exf6 Nxf6 14. Kh1 Bxf2 15. Qxf2 Qxf2 16. Rxf2 Ng4 17. Rff1 Rxf4 18. Rae1 Bd7 19. Bxh7+ Kh8 20. Ng5 Raf8 21. Rxf4 Rxf4 22. Bg6 Nge5 23. Bh5 Rf2 24. Ne2 Rf5 25. h4 g6 26. Bf3 Kg7 27. Ng3 Rf4 28. h5 Kh6 29. Nh3 Nxf3 30. gxf3 Rxf3 31. Kg2 Rf8 32. hxg6 Kxg6 33. Ne2 e5 34. Nf2 Bf5 35. c3 Rh8 36. Ng3 e4 37. Rg1 Kf6 38. Nd1 Bg4 39. Ne3 Bf3+ 40. Kf1 Ke5 41. Ngf5 Rf8 42. Nh6 d4 43. cxd4+ Nxd4 44. Ke1 Rc8 45. Kd2 Ne6 46. Rg6 Rd8+ 47. Ke1 Nf4 48. Nf7+ Kd4 49. Nf5+ Kd3 50. Ne5+ Kc2 51. Rxa6 Rh8 52. Ne3+ Kxb2 53. Kf2 Rh2+ 54. Kg3 Re2 55. Kxf4 Re1 56. Ra5 b4 57. Ra4 Kc3 58. Ra5 Kd4 59. Nxf3+ exf3 60. Ng4 Re4+ 61. Kg3 Re8 62. Kxf3 Kc3 63. Ne3 b3 64. Ra3 Kb2 65. Rxb3+ Kxa2 66. Rb7 Ka3 67. Ke2 Ka4 68. Kd3 Ka5 69. Nc4+ Ka6 70. Rb1 Rh8 71. Kc3 Rh3+ 72. Kb4 Rh8 73. Kc5 Rc8+ 74. Kd4 Rd8+ 75. Kc3 Rh8 76. Ne5 Rc8+ 77. Kd4 Rh8 78. Kc5 Rc8+ 79. Nc6 Rb8 80. Nxb8+ Ka7 81. Nc6+ Ka6 82. Rb6# 1-0


[Site "https://www.chess.com"]

[Event "Titled Tuesday Blitz March 28 Late 2023"]
[White "Castella Garcia, Fausto"]
[Black "Manelyuk, Daniil"]
[WhiteFideId "3501922"]
[BlackFideId "44173920"]
[WhiteElo "2245"]
[BlackElo "2259"]
[Result "1-0"]
[Round "04"]
[TimeControl "180+2"]
[Date "2023.03.28"]
[WhiteClock "0:00:38"]
[BlackClock "0:00:06"]

1. e4 e6 2. Nf3 d5 3. e5 c5 4. b4 Nc6 5. bxc5 Bxc5 6. d4 Be7 7. c3 Nh6 8. Bd3 Nf5 9. O-O h5 10. Bxf5 exf5 11. h4 Bxh4 12. Nxh4 Qxh4 13. Na3 a6 14. Nc2 Be6 15. a4 Qg4 16. f3 Qg6 17. Rb1 h4 18. Bf4 h3 19. g3 Qh5 20. Kh2 g5 21. Bd2 f4 22. gxf4 gxf4 23. Rxb7 Rg8 24. Rg1 Rg2+ 25. Kh1 Qg6 26. Bxf4 Nd8 27. Rb2 Qh5 28. Bh2 Bf5 29. Rxg2 hxg2+ 30. Kxg2 Ne6 31. Kh1 Kd7 32. Ne3 Rh8 33. c4 dxc4 34. d5 Nc5 35. e6+ Ke7 36. d6+ Kf6 37. Qd4+ Kg6 38. Rg2+ Bg4 39. Rxg4+ 1-0


[Site "https://www.chess.com"]

[Event "Titled Tuesday Blitz March 28 Late 2023"]
[White "Domingo Nunez, Alejandro"]
[Black "krucki03"]
[WhiteFideId "22245561"]
[WhiteElo "2230"]
[BlackElo "2350"]
[Result "0-1"]
[Round "04"]
[TimeControl "180+2"]
[Date "2023.03.28"]
[WhiteClock "0:00:31"]
[BlackClock "0:00:20"]

1. e4 c5 2. d4 cxd4 3. c3 dxc3 4. Nxc3 Nc6 5. Nf3 d6 6. Bc4 a6 7. O-O Nf6 8. Bf4 e6 9. Qe2 b5 10. Bb3 Ra7 11. Rac1 Na5 12. Bc2 Rd7 13. e5 dxe5 14. Nxe5 Rd4 15. Be3 Rd6 16. Bc5 Rd2 17. Qe3 Bxc5 18. Qxc5 Rd6 19. Rfd1 Nd5 20. Ne4 Rb6 21. Bb3 Nxb3 22. axb3 Bb7 23. Rc3 f6 24. Nf3 Rc6 25. Qd4 O-O 26. Rxc6 Bxc6 27. Nc5 Qc8 28. Rc1 e5 29. Qd2 Qa8 30. Qa5 Nf4 31. Qxa6 Bxf3 32. gxf3 Qxf3 33. Qb7 Nh3+ 34. Kf1 Qxf2# 0-1


[Site "https://www.chess.com"]

[Event "Titled Tuesday Blitz March 28 Late 2023"]
[White "Perske, Thore"]
[Black "K2JW"]
[WhiteFideId "12902195"]
[WhiteElo "2336"]
[BlackElo "2327"]
[Result "0-1"]
[Round "04"]
[TimeControl "180+2"]
[Date "2023.03.28"]
[WhiteClock "0:01:21"]
[BlackClock "0:00:49"]

1. d4 Nf6 2. g3 d5 3. Bg2 e6 4. Nf3 Be7 5. O-O O-O 6. c4 c6 7. Nc3 b6 8. Nd2 Ba6 9. b3 dxc4 10. Nxc4 b5 11. Ne5 Qb6 12. Bb2 Rd8 13. e3 Nfd7 14. Nxd7 Nxd7 15. Ne4 Rac8 16. Qd2 c5 17. Rfc1 c4 18. h4 Ne5 19. bxc4 Nxc4 20. Qe2 b4 21. Ng5 Bxg5 22. hxg5 Ne5 23. Qh5 Nd3 24. Rxc8 Rxc8 25. Be4 g6 26. Qh3 Nxb2 27. Kg2 Bb7 28. Qg4 Bxe4+ 29. Qxe4 Qc6 0-1


[Site "https://www.chess.com"]

[Event "Titled Tuesday Blitz March 28 Late 2023"]
[White "Smith, Garrett L"]
[Black "Sieciechowicz, Marcin"]
[WhiteFideId "2024829"]
[BlackFideId "1130170"]
[WhiteElo "2325"]
[BlackElo "2302"]
[Result "0-1"]
[Round "04"]
[TimeControl "180+2"]
[Date "2023.03.28"]
[WhiteClock "0:01:12"]
[BlackClock "0:01:13"]

1. e4 e6 2. d4 d5 3. Nc3 Nf6 4. e5 Nfd7 5. f4 c5 6. Nf3 Nc6 7. Be3 Qb6 8. Na4 Qa5+ 9. c3 cxd4 10. b4 Nxb4 11. cxb4 Bxb4+ 12. Bd2 Bxd2+ 13. Nxd2 b5 14. Nb2 Nb6 15. Be2 Nc4 16. Nxc4 bxc4 17. O-O d3 18. Bf3 O-O 19. Kh1 Bd7 20. g4 Rab8 21. Rf2 Ba4 22. Qf1 Qc5 23. f5 c3 24. Nb3 Bxb3 25. axb3 Rxb3 26. Rfa2 c2 27. Ra5 Qe3 28. Kg2 d2 0-1


[Site "https://www.chess.com"]

[Event "Titled Tuesday Blitz March 28 Late 2023"]
[White "Bogaudinov, Rushan"]
[Black "Thomforde-Toates, Noah"]
[WhiteFideId "4129288"]
[BlackFideId "30951992"]
[WhiteElo "1949"]
[BlackElo "2659"]
[Result "0-1"]
[Round "04"]
[TimeControl "180+2"]
[Date "2023.03.28"]
[WhiteClock "0:00:27"]
[BlackClock "0:00:57"]

1. e4 c5 2. Nf3 g6 3. g3 Bg7 4. Bg2 Nc6 5. O-O d6 6. Re1 h5 7. c3 Bg4 8. h3 Bxf3 9. Qxf3 Nf6 10. d3 Nd7 11. Bg5 Qa5 12. h4 Nce5 13. Qe2 Ng4 14. Nd2 f6 15. Be3 Nxe3 16. Qxe3 Bh6 17. Qe2 Bxd2 18. Qxd2 Ne5 19. b4 cxb4 20. cxb4 Qb6 21. d4 Ng4 22. a4 e5 23. Rad1 Qxd4 24. Qa2 Qb6 25. a5 Qc7 26. Qe6+ Qe7 27. Rxd6 Qxe6 28. Rxe6+ Kd7 29. f3 Kxe6 30. fxg4 hxg4 31. Bf1 Rac8 32. a6 b6 33. Bb5 Rhd8 34. Re2 Rd1+ 35. Kf2 Rcc1 36. Ba4 Rf1+ 37. Ke3 Rce1 38. Bb3+ Kd6 39. Bc4 Rf3+ 40. Kd2 Rxe2+ 41. Bxe2 Rxg3 0-1


[Site "https://www.chess.com"]

[Event "Titled Tuesday Blitz March 28 Late 2023"]
[White "Wieczorek, Oskar"]
[Black "Napoli, Nicolo"]
[WhiteFideId "1133950"]
[BlackFideId "813702"]
[WhiteElo "2418"]
[BlackElo "2308"]
[Result "1/2-1/2"]
[Round "04"]
[TimeControl "180+2"]
[Date "2023.03.28"]
[WhiteClock "0:00:37"]
[BlackClock "0:00:21"]

1. e4 g6 2. d4 Bg7 3. Nf3 d5 4. exd5 Qxd5 5. c4 Qd6 6. Nc3 Nf6 7. Be2 O-O 8. O-O a6 9. Be3 Nc6 10. h3 Bf5 11. d5 Ne5 12. Nd4 Ne4 13. Nxe4 Bxe4 14. f3 Bf5 15. Nxf5 gxf5 16. c5 Qg6 17. f4 Nd7 18. Qc2 Nf6 19. Bf3 Rad8 20. Rad1 Ne4 21. Bxe4 fxe4 22. f5 Qg3 23. Qxe4 Bxb2 24. Rf4 Kh8 25. Rb1 Bf6 26. Rxb7 Rxd5 27. Rb1 Re5 28. Rf3 Rxe4 29. Rxg3 Rxe3 30. Rxe3 Bd4 31. Kf2 Bxc5 32. Kf3 Bxe3 33. Kxe3 Kg7 34. Rb7 Rc8 35. Ra7 c5 36. Rxa6 c4 37. Kd2 Rc5 38. g4 h5 39. Kc3 hxg4 40. hxg4 Re5 41. Kxc4 Re4+ 42. Kd5 Rxg4 43. a4 Rg5 44. Ke4 Rg4+ 45. Kd5 Rg5 46. Ke5 e6 47. a5 Rxf5+ 48. Ke4 Kf6 49. Ra8 Rb5 50. a6 Rb4+ 51. Kf3 Ke5 52. Rf8 Rb3+ 53. Ke2 Ra3 54. Rxf7 Rxa6 55. Rb7 Kf4 56. Rb4+ Kf5 57. Rc4 e5 58. Ke3 Ra3+ 59. Ke2 e4 60. Rc8 Ke5 61. Re8+ Kd4 62. Rd8+ Ke5 63. Re8+ Kd4 64. Rd8+ Ke5 65. Re8+ 1/2-1/2


[Site "https://www.chess.com"]